Unix NetHack Version 5.0.0-0 post-release - last build Jun 10 2026 00:39:30 (3ee93aec679c4c4259841fe613dc97188e26a321,branch:main).

Game began 2026-06-26 18:42:06, ended 2026-06-26 19:10:17.

DaveT, lawful male human Priest

                       #
                       #
                   #####+
                  ##   #
                ###    #
            [#--#      #
            %          #
            %          #
            #          #
  -------###)          #
  |......###)#        ##
  |.....|              #
  |..<..|              #
  |......###############
  |.....|
  -------

DaveT the Adept              St:17 Dx:16 Co:12 In:10 Wi:18 Ch:8  Lawful
Dlvl:6  $:0  HP:0(60) Pw:96(100) AC:1  Xp:7 T:6694  Burdened

Latest messages:
 You see here a partly eaten gnome lord corpse.
 The air crackles around the gnomish wizard.
 You miss the gnomish wizard.
 The gnomish wizard points at you, then curses.
 You miss the gnomish wizard.
 The gnomish wizard points all around, then curses.
 The gnomish wizard points all around, then curses.
 You feel a bit steadier now.
 You see here a partly eaten gnome lord corpse.
 The gnomish wizard points all around, then curses.
 The mountain nymph picks up a partly eaten giant ant corpse.
 What do you want to zap? [jC or ?*] <space>
 Never mind.
 In what direction? u
 The spell hits the mountain nymph!
 The gnomish wizard casts a spell!
 The gnomish wizard looks better.
 The mountain nymph stole a blessed long wand.
 The mountain nymph vanishes!
 The gnomish wizard points at you, then curses.
 You miss the gnomish wizard.
 The gnomish wizard points at you, then curses.
 You miss the gnomish wizard.
 The gnomish wizard points at you, then curses.
 You miss the gnomish wizard.
 The gnomish wizard points at you, then curses.
 The gnomish wizard points at you, then curses.
 You miss the gnomish wizard.
 The gnomish wizard casts a spell at you!
 You reel...
 You hear a nearby zap.
 The gnomish wizard points at you, then curses.
 You hear a nearby zap.
 The bolt of cold whizzes by you!
 The bolt of cold bounces!
 The bolt of cold whizzes by you!
 You have a little trouble lifting I - a blessed lamp.
 You hear a nearby zap.
 The bolt of cold hits you!
 Your potion of holy water freezes and shatters!
 The bolt of cold bounces!
 The bolt of cold hits you!
 You hear the chime of a cash register.
 You see here a partly eaten gnome lord corpse.
 You feel a bit steadier now.
 You hear a nearby zap.
 The bolt of cold hits you!
 You die...
 Do you want your possessions identified? [ynq] (y) y
 Do you want to see your attributes? [ynq] (y) q

Inventory:
 Weapons  (')')
  D - a +0 aklys (tethered to right hand)
 Armor    ('[')
  G - a +0 orcish helm (being worn)
  X - a cursed +0 pair of leather gloves (being worn)
  S - a +0 pair of low boots
  b - a blessed thoroughly burnt +0 robe (being worn)
  Z - a cursed +0 Hawaiian shirt with a bird of paradise motif
  r - a +0 plate mail (being worn)
 Comestibles  ('%')
  e - a clove of garlic
  M - a food ration
 Scrolls  ('?')
  p - 2 cursed scrolls of blank paper
  q - a scroll of teleportation
 Spellbooks  ('+')
  W - a spellbook of detect monsters
  o - a spellbook of force bolt
 Potions  ('!')
  s - a cursed potion of extra healing
 Rings    ('=')
  i - a cursed ring of hunger
  g - a +0 ring of increase damage
  d - a cursed ring of polymorph control
  h - a cursed ring of shock resistance
 Wands    ('/')
  j - a cursed wand of teleportation (0:5)
 Tools    ('(')
  H - a blessed bag of holding containing 6 items
  A - a fire horn (0:6)
  B - a blindfold
  w - a lock pick
  I - a blessed oil lamp
  F - a +0 pick-axe
  y - a stethoscope

Contents of the bag of holding:
  1454 gold pieces
  10 +1 darts
  a blessed +1 orcish dagger
  a scroll of blank paper
  2 scrolls of teleportation
  a tin whistle

DaveT the Priest's attributes:

Background:
 You were an Adept, a level 7 human Priest.
 You were lawful, on a mission for Mitra
 who was opposed by Crom (neutral) and Set (chaotic).
 You were right-handed.
 You were in the Gnomish Mines, on level 6.
 You entered the dungeon 6694 turns ago.
 You had 1071 experience points, 209 more were needed to attain level 8.

Basics:
 You had 0 out of 60 hit points.
 You had 96 out of 100 energy points (spell power).
 Your armor class was 1.
 Your wallet was empty, but
 you had 1454 zorkmids stashed away in your pack.
 Autopickup was off.

Final Characteristics:
 Your strength was 17 (limit:18/100).
 Your dexterity was 16 (limit:18).
 Your constitution was 12 (limit:18).
 Your intelligence was 10 (limit:18).
 Your wisdom was 18 (limit:18).
 Your charisma was 8 (limit:18).

Final Status:
 You weren't hungry.
 You were burdened; movement was slightly slowed.
 You were wielding a club.
 You were unskilled in club.

Final Attributes:
 You were piously aligned.
 You were fire resistant.
 You were telepathic.
 You were guarded.
 Your spell casting was impaired by metallic armor, mitigated by your robe.
 You are dead.

Miscellaneous:
 You encountered 1 bones level.
 Total elapsed playing time was 28 minutes and 10 seconds.

Major events:
 Turn
    1: DaveT the lawful human Priest entered the dungeon
  827: entered the Gnomish Mines
  842: attained the rank of Acolyte (level 3)
 3715: attained the rank of Adept (level 6)
 6694: killed by a bolt of cold zapped by a gnomish wizard

Spells:
 Name                 Level Category     Fail Retention
 light                  1   clerical      49%   61%-70%
 detect unseen          3   divination   100%   51%-75%
 detect monsters        1   divination    49%  76%-100%
 force bolt             1   attack        49%  76%-100%

Skills:
 Fighting Skills
   bare handed combat [Unskilled]
 Weapon Skills
   club               [Unskilled]
   mace               [Basic]
   morning star       [Unskilled]
   flail              [Unskilled]
   hammer             [Unskilled]
   quarterstaff       [Unskilled]
   polearms           [Unskilled]
   spear              [Unskilled]
   trident            [Unskilled]
   lance              [Unskilled]
   bow                [Unskilled]
   sling              [Unskilled]
   crossbow           [Unskilled]
   dart               [Unskilled]
   shuriken           [Unskilled]
   boomerang          [Unskilled]
   unicorn horn       [Unskilled]
 Spellcasting Skills
   healing spells     [Unskilled]
   divination spells  [Unskilled]
   clerical spells    [Basic]

Voluntary challenges:
 Character rerolling was not enabled.
 You never genocided any monsters.
 You never polymorphed an object.
 You never changed form.
 You used no wishes.
Achievements:
 You entered a shop.
 You entered the Gnomish Mines.
 You attained the rank of Acolyte.
 You attained the rank of Adept.

 The Dungeons of Doom: levels 1 to 5
    Level 1:
       An altar to Mitra.
    Level 2:
       A tool shop, some fountains.
    Level 3: "vault"
       A general store, some fountains, a grave.
       Stairs down to The Gnomish Mines.
    Level 4:
    Level 5:
       A grave.
       Final resting place for
          Lanfaedhe-Tou-Hum-Fem-Neu, killed by a wolf.
 The Gnomish Mines: levels 4 to 6
    Level 4:
    Level 5:
    Level 6: <- You were here.
       Final resting place for
          you, killed by a bolt of cold zapped by a gnomish wizard.


Vanquished creatures:
  a ghost
  2 small mimics
  2 wolves
 an imp
  3 rock moles
  a pony
  a yellow light
  a violet fungus
  4 gnome leaders
  a gnomish wizard
  2 gray oozes
  5 giant ants
  5 floating eyes
  2 dwarves
  a homunculus
 12 hill orcs
  a rothe
  a rabid rat
  a centipede
  a giant bat
  2 monkeys
 an orc zombie
  a dwarf zombie
  a wererat
  2 iguanas
 an acid blob
  2 manes
  a hobgoblin
  a giant rat
  6 cave spiders
  2 brown molds
  2 yellow molds
  a red mold
 18 gnomes
 12 garter snakes
  2 gnome zombies
  3 geckos
 12 jackals
  a fox
  2 kobolds
  a goblin
  2 sewer rats
  4 grid bugs
  4 lichens
 13 newts
145 creatures vanquished.

No species were genocided or became extinct.

Game over:
                       ----------
                      /          \
                     /    REST    \
                    /      IN      \
                   /     PEACE      \
                  /                  \
                  |      DaveT       |
                  |     1454 Au      |
                  | killed by a bolt |
                  |  of cold zapped  |
                  |   by a gnomish   |
                  |      wizard      |
                  |       2026       |
                 *|     *  *  *      | *
        _________)/\\_//(\/(/\)/\//\/|_)_______

Goodbye DaveT the Priest...

You died in The Gnomish Mines on dungeon level 6 with 5893 points,
and 1454 pieces of gold, after 6694 moves.
You were level 7 with a maximum of 60 hit points when you died.

